 Dungeon Crawl Stone Soup version 0.31-a0-879-g1609e0ac53 (webtiles) character file.

Game seed: 3520149701675018269

560 avis the Ducker (level 7, 0/33 HPs)
             Began as a Felid Fighter on Oct 13, 2023.
             Slain by a black bear (5 damage)
             ... on level 5 of the Dungeon on Oct 14, 2023.
             The game lasted 00:25:08 (4971 turns).

avis the Ducker (Felid Fighter)                     Turns: 4971, Time: 00:25:09

Health: 0/33       AC:  2    Str: 12    XL:     7   Next: 9%
Magic:  8/8        EV: 21    Int:  9    God:
Gold:   261        SH:  0    Dex: 18    Spells: 6/6 levels left
                                        Lives:  0   Deaths: 3

rFire   . .          .
                       - Unarmed
rCold   . . .        (shield unavailable)
rNeg    . . .        (body armour unavailable)
rPois   .            (helmet unavailable)
rElec   .            (cloak unavailable)
rCorr   .            (gloves unavailable)
SInv    +            (boots unavailable)
Will    +....        (no amulet)
Stlth   ++           (no ring)
HPRegen 0.25/turn    (no ring)
MPRegen 0.11/turn

%: no passive effects
@: quick
A: very small, claws 1, fangs 3, see invisible, speed 1, shaggy fur 2, stealthy
paws, no weapons or thrown items, no armour, multi-lived
a: no special abilities


You were on level 5 of the Dungeon.
You visited 1 branch of the dungeon, and saw 5 of its levels.

You collected 261 gold pieces.

Inventory:

Jewellery
 l - a ring of magical power
 s - a ring of fire
Talismans
 r - a serpent talisman
Scrolls
 c - 4 scrolls of fog {unknown}
 g - a scroll of vulnerability {unknown}
 h - a scroll of enchant armour {unknown}
 j - 3 scrolls of teleportation {unknown}
 k - 2 scrolls of amnesia {unknown}
 m - a scroll of torment {unknown}
 n - 3 scrolls of poison {unknown}
 t - 2 scrolls of identify
 u - a scroll of fear {unknown}
 v - a scroll of revelation {unknown}
 w - a scroll of butterflies {unknown}
 x - a scroll of enchant weapon {unknown}
Potions
 a - a potion of might
 b - a potion of heal wounds
 d - a potion of lignification {unknown}
 e - 5 potions of berserk rage
 f - a potion of ambrosia {unknown}
 i - 5 potions of haste
 o - a potion of attraction {unknown}
 p - 2 potions of cancellation
 q - a potion of curing {unknown}


   Skills:
 - Level 5.0 Fighting
 - Level 7.0 Dodging
 - Level 3.0 Stealth
 - Level 4.0 Unarmed Combat
 * Level 3.8 Shapeshifting


You had 6 spell levels left.
You didn't know any spells.
Your spell library contained the following spells:

 Spells                   Type           Power      Damage    Failure   Level
 Foxfire                  Conj/Fire      0%         2x1d4     38%         1
 Summon Small Mammal      Summ           0%         N/A       38%         1
 Lesser Beckoning         Tloc           0%         N/A       52%         2
 Poisonous Vapours        Pois/Air       0%         N/A       52%         2
 Call Canine Familiar     Summ           0%         N/A       77%         3
 Gell's Gravitas          Tloc           0%         N/A       77%         3
 Mephitic Cloud           Conj/Pois/Air  0%         N/A       77%         3
 Summon Guardian Golem    Hex/Summ       0%         N/A       77%         3
 Teleport Other           Tloc           0%         N/A       77%         3
 Freezing Cloud           Conj/Ice/Air   0%         6-21      100%        5
 Plasma Beam              Fire/Air       0%         2x1d10    100%        6
 Starburst                Conj/Fire      0%         6d3       100%        6


Dungeon Overview and Level Annotations

Branches:
Dungeon (5/15)
 Temple: D:4-7

Altars:
Ru

Shops:
D:1 :

Annotations:
D:2 1 runed translucent door, exclusion: door, Crazy Yiuf
D:3 Edmund


Innate Abilities, Weirdness & Mutations

You have sharp claws.
You have razor-sharp teeth.
You have supernaturally acute eyesight. (SInv)
You cover ground quickly. (Speed+)
You are covered in thick fur. (AC +2)
Your paws help you pounce on unaware monsters.
You are incapable of wielding weapons or throwing items.
You cannot wear armour.
You gain extra lives every three experience levels.


Message History

There is a lethal amount of poison in your body!
Okay, then.
There is a lethal amount of poison in your body!
* * * LOW HITPOINT WARNING * * *
You feel sick.
* * * LOW HITPOINT WARNING * * *
You feel sick.
* * * LOW HITPOINT WARNING * * *
You feel sick.
You die...
You feel sick.
You are no longer poisoned.
You rejoin the land of the living...
You claw the black bear!
The black bear is moderately wounded.
The black bear bites you. The black bear barely misses you.
The black bear completely misses you.
You scratch the black bear.
The black bear is heavily wounded.
The black bear bites you. The black bear barely misses you. x2
You scratch the black bear.
The black bear is severely wounded.
You claw the black bear!
The black bear is almost dead.
The black bear misses you.
The black bear completely misses you. x2
You scratch the black bear but do no damage.
The black bear is almost dead.
The black bear goes berserk!
You scratch the black bear but do no damage.
The black bear is almost dead.
The black bear completely misses you. The black bear misses you. x2
The black bear bites you! The black bear misses you. The black bear claws you.
You barely miss the black bear. You bite the black bear.
The black bear is almost dead.
The black bear barely misses you. x2; The black bear claws you.
* * * LOW HITPOINT WARNING * * *
You scratch the black bear but do no damage.
The black bear is almost dead.
The black bear bites you.
You die...

#................#
#................#
#...........†....#
#.........# #†...#
#.......|.# #....#
#.†.......# #....#
#.........# #....#
#.......h.# #....#
##.....@### #†...#
#......# #....#
#......# #....# ##
#......# #....# #####
....#
#......############....
....#
#......................
....#
#####>........#####....
....# #.#######..#
#.... ....###### #.#
##.## ###..


You could see a black bear (berserk).

Vanquished Creatures
  A water moccasin (D:5)
  An ogre (D:5)
  A phantom (D:5)
  2 hounds (D:4)
  A jelly (D:4)
  An iguana (D:5)
  Robin (D:1)
  4 adders
  2 shadow imps (D:5)
  A white imp (D:5)
  2 ufetubi (D:5)
  A dart slug (D:3)
  3 orcs
  11 endoplasms
  3 giant cockroaches
  13 goblins
  11 hobgoblins
  2 quokkas
  3 ball pythons
  2 bats
  4 frilled lizards
  18 kobolds
  2 rats
90 creatures vanquished.

Notes
Turn   | Place    | Note
-------+----------+-------------------------------------------
     0 | D:1      | avis the Felid Fighter began the quest for the Orb.
     0 | D:1      | Reached XP level 1. HP: 10/10 MP: 2/2
    67 | D:1      | Reached skill level 1 in Stealth
   175 | D:1      | Reached XP level 2. HP: 11/14 MP: 3/3
   297 | D:1      | Found Cuuroche's Book Shop.
   503 | D:2      | Reached skill level 5 in Dodging
   680 | D:2      | Found a faded altar of an unknown god.
   810 | D:2      | Reached XP level 3. HP: 17/17 MP: 4/4
  1329 | D:2      | Noticed Robin
  1463 | D:1      | Reached skill level 6 in Dodging
  1549 | D:1      | Killed Robin
  1550 | D:1      | Reached XP level 4. HP: 12/21 MP: 5/5
  1645 | D:2      | Upgraded the game from 0.31-a0-876-gfe8ebadbca to
                  | 0.31-a0-879-g1609e0ac53
  1798 | D:2      | Found a runed translucent door.
  1799 | D:2      | Noticed Crazy Yiuf
  2748 | D:4      | Noticed Edmund
  2884 | D:3      | HP: 1/22 [Edmund/+1 flail of protection (8)]
  3080 | D:4      | Reached XP level 5. HP: 16/25 MP: 6/6
  3480 | D:4      | Reached skill level 5 in Fighting
  3636 | D:5      | Entered Level 5 of the Dungeon
  3636 | D:5      | Noticed an ogre
  3980 | D:5      | Noticed a phantom
  3981 | D:5      | Found a sacrificial altar of Ru.
  3981 | D:5      | Noticed an ice beast
  4019 | D:5      | Killed a phantom
  4020 | D:5      | Gained mutation: You are covered in thick fur. (AC +2)
                  | [Felid growth]
  4020 | D:5      | Reached XP level 6. HP: 25/30 MP: 7/7
  4369 | D:5      | Slain by an ufetubus
  4677 | D:5      | Noticed a water moccasin
  4824 | D:5      | Reached skill level 7 in Dodging
  4914 | D:5      | Slain by a black bear
  4935 | D:5      | Killed a water moccasin
  4936 | D:5      | Reached XP level 7. HP: 3/33 MP: 8/8
  4938 | D:5      | HP: 1/33 [poisoned by a water moccasin]
  4940 | D:5      | Succumbed to a water moccasin's poison
  4971 | D:5      | Slain by a black bear

Illustrated notes

Levels and vault maps discovered:
D:1:      dpeg_arrival_leaves_temple_mockup, layout_basic, serial_shops,
          shop_statue
D:2:      layout_basic, serial_rivers, chequers_serial_rivers_micro_e,
          chequers_serial_rivers_micro_c, chequers_serial_rivers_room_b,
          chequers_serial_rivers_micro_e, ebering_ecumenical_altar_box,
          minmay_goblin_kobold_house, uniq_robin, uniq_crazy_yiuf_cottage
D:3:      layout_basic, kennysheep_minor_cross
D:4:      layout_basic, uniq_edmund
D:5:      layout_basic, lemuel_crystal_altar, serial_bayou_pond_d

Skill      XL: |  1  2  3  4  5  6 |
---------------+-------------------+-----
Stealth        | 2 3 |  3.0
Dodging        | 5 6 7 |  7.0
Fighting       | 4 5 |  5.0
Shapeshifting  | 2 3 |  3.8
Unarmed Combat | |  4.0

Action                     |  1- 3 |  4- 6 |  7- 9 || total
---------------------------+-------+-------+-------++-------
  Melee: Unarmed           |   135 |   165 |     8 ||   308
         Bite              |     9 |    21 |     1 ||    31
         Punch             |     3 |     5 |       ||     8
    Use: Scroll            |       |     4 |       ||     4
   Stab: Sleeping          |     2 |     5 |       ||     7
 Armour: Skin              |    27 |    55 |     6 ||    88
  Dodge: Dodged            |   106 |   183 |    13 ||   302

Table legend: (Time is in decaauts)
 A = Elapsed time spent in this place.
 B = Non-inter-level travel time spent in this place.
 C = Inter-level travel time spent in this place.
 D = Time resting spent in this place.
 E = Time spent auto-exploring this place.
 F = Levels seen in this place.
 G = Mean time per level.
                   A        B        C        D        E       F      G
               +--------+--------+--------+--------+--------+-----+--------+
         Total |   4174 |   3634 |    540 |    447 |   1882 |   5 |  834.8 |
       Dungeon |   4174 |   3634 |    540 |    447 |   1882 |   5 |  834.8 |
               +--------+--------+--------+--------+--------+-----+--------+

Top non-repeatable levels by time:
     D:2: 1147 daAuts
     D:5: 1034 daAuts
     D:1: 747 daAuts
     D:4: 662 daAuts
     D:3: 582 daAuts
